 Dungeon Crawl Stone Soup version 0.31-a0-152-g6aa68a64a1 (webtiles) character file.

Game seed: 16465432230534209173

72 qw the Shooter (level 4, -4/39 HPs)
             Began as a Naga Hunter on June 11, 2023.
             Slain by a gnoll
             ... wielding a +0 halberd
              (9 damage)
             ... on level 4 of the Dungeon.
             The game lasted 00:00:19 (1167 turns).

qw the Shooter (Naga Hunter)                        Turns: 1167, Time: 00:00:19

Health: -4/39      AC:  3    Str: 13    XL:     4   Next: 26%
Magic:  4/4        EV:  9    Int:  9    God:
Gold:   72         SH:  0    Dex: 17    Spells: 3/3 levels left

rFire   . . .        Y - +0 shortbow
rCold   . . .        (shield currently unavailable)
rNeg    . . .        c - +0 leather armour
rPois   +            (no helmet)
rElec   .            (no cloak)
rCorr   .            e - +0 pair of gloves
SInv    +            (no barding)
Will    .....        (no amulet)
Stlth   ++           (no ring)
HPRegen 0.26/turn    (no ring)
MPRegen 0.09/turn

%: no passive effects
@: short of breath, very slow
A: AC +1, large, see invisible, deformed body, poison resistance, slowness 2,
spit poison 1, naga tail 1
a: Spit Poison


You were on level 4 of the Dungeon.
You visited 1 branch of the dungeon, and saw 3 of its levels.

You collected 72 gold pieces.


Innate Abilities, Weirdness & Mutations

Your serpentine skin is tough. (AC +1)
You have supernaturally acute eyesight. (SInv)
Armour fits poorly on your strangely shaped body.
Your system is resistant to poisons. (rPois)
You cover ground very slowly.
You can spit poison.
You have a snake-like lower body.


   Skills:
 + Level 2.3 Fighting
 - Level 5.0 Ranged Weapons
 - Level 1.5 Dodging
 - Level 1.5 Stealth


You had 3 spell levels left.
You didn't know any spells.
Your spell library was empty.

Inventory:

Hand Weapons
 Y - a +0 shortbow (weapon)
Armour
 c - a +0 leather armour (worn)
 e - a +0 pair of gloves (worn)
Scrolls
 a - 2 scrolls of identify
Potions
 b - a potion of mutation {unknown}
 f - a potion of enlightenment {unknown}

Dungeon Overview and Level Annotations

Branches:
Dungeon (4/15)
 Temple: D:4-7

Altars:

Annotations:
D:4 Sigmund


Message History

You now have 72 gold pieces (gained 10).
You see here a scroll of butterflies.
Waypoint 2 assigned to D:4.
1160 ||| READING 3 scrolls labelled AWKAHA KUAS.
As you read the scroll labelled AWKAHA KUAS, it crumbles to dust.
It is a scroll of identify.
Really abort (and waste the scroll)?
1161 ||| READING scroll labelled BOAN UKLUYDGH.
As you read the scroll labelled BOAN UKLUYDGH, it crumbles to dust.
You feel strangely unstable.
It was a scroll of teleportation.
You start waiting.
Your surroundings suddenly seem different.
An iguana and 7 gnolls come into view.
Found a stone staircase leading down.
The iguana hisses angrily.
The gnoll shouts! x5; You hear a shout!
1164 ||| INVOKING Spit Poison.
Aiming: Spit Poison (1% risk of failure)
Press: ? - help, Shift-Dir - straight line, f - gnoll The splash of poison hits the gnoll.
The gnoll is lightly wounded.
The gnoll shouts!
The gnoll barely misses you. The gnoll hits you but does no damage.
You shoot an arrow. The arrow hits the gnoll.
The gnoll is moderately wounded.
The gnoll barely misses you.
Sigmund the Dreaded comes into view.
He is wielding a +2 heavy scythe.
The gnoll hits you but does no damage. The gnoll hits you with a +0 whip.
The gnoll completely misses you. The gnoll hits you with a +0 club.
The gnoll barely misses you. The gnoll hits you with a +0 whip.
You shoot an arrow. The arrow hits the iguana.
The iguana is moderately wounded.
The iguana bites you. The gnoll closely misses you.
The gnoll hits you with a +6 whip! The gnoll hits you with a +0 flail!
The gnoll closely misses you. The gnoll hits you with a +0 club.
You shoot an arrow.
The arrow hits the iguana but does no damage.
The iguana is moderately wounded.
The iguana closely misses you.
The gnoll hits you from afar with a +0 halberd!
You die...

..... . ## .....
.. .. #..... ...
##.##......
#...#..........
#.............
#....g.......
#.g@lg..>..
#.ggg......
..@..g.......
...............#
................
................#
...##.#.#........
..#
#.#..........##
....<...#


You could see Sigmund, an iguana and 7 gnolls.

Vanquished Creatures
  3 gnolls (D:2)
  2 adders (D:2)
  A dart slug (D:1)
  3 ball pythons
  4 bats
  3 endoplasms
  2 giant cockroaches (D:2)
  2 goblins
  A hobgoblin (D:1)
  A kobold (D:2)
  2 frilled lizards
  A rat (D:1)
25 creatures vanquished.

Notes
Turn   | Place    | Note
-------+----------+-------------------------------------------
     0 | D:1      | qw the Naga Hunter began the quest for the Orb.
     0 | D:1      | Reached XP level 1. HP: 19/19 MP: 1/1
     0 | D:1      | 0 ||| qw: Version: 0.2-a-29-gdad1ea2
     0 | D:1      | 0 ||| qw: Game counter: 4043
     0 | D:1      | 0 ||| qw: Always use a shield: true
     0 | D:1      | 0 ||| qw: God list: Okawaru
     0 | D:1      | 0 ||| qw: Allow faded altars: false
     0 | D:1      | 0 ||| qw: Do Orc after D:15 true
     0 | D:1      | 0 ||| qw: Do second Lair branch before Depths: true
     0 | D:1      | 0 ||| qw: Lair rune preference: random
     0 | D:1      | 0 ||| qw: Plans: Normal
     0 | D:1      | 0 ||| PLANNING D:1-11
    15 | D:1      | 15 ||| INVOKING Spit Poison.
    38 | D:1      | 38 ||| INVOKING Spit Poison.
   213 | D:1      | 213 ||| INVOKING Spit Poison.
   224 | D:1      | 224 ||| INVOKING Spit Poison.
   230 | D:1      | Reached skill level 4 in Ranged Weapons
   230 | D:1      | Reached XP level 2. HP: 26/26 MP: 2/2
   288 | D:1      | 288 ||| INVOKING Spit Poison.
   414 | D:1      | 414 ||| INVOKING Spit Poison.
   864 | D:1      | 864 ||| INVOKING Spit Poison.
   870 | D:1      | 870 ||| UPGRADING to +0 pair of gloves.
   875 | D:1      | 875 ||| READING scroll labelled YGATHR VARCHI.
   876 | D:1      | 876 ||| DROPPING scroll of butterflies.
   936 | D:2      | 936 ||| INVOKING Spit Poison.
   941 | D:2      | 941 ||| INVOKING Spit Poison.
   945 | D:2      | 945 ||| INVOKING Spit Poison.
   946 | D:2      | Reached XP level 3. HP: 28/32 MP: 3/3
   954 | D:2      | 954 ||| INVOKING Spit Poison.
   975 | D:2      | 975 ||| INVOKING Spit Poison.
  1022 | D:2      | 1022 ||| INVOKING Spit Poison.
  1029 | D:2      | 1029 ||| INVOKING Spit Poison.
  1045 | D:2      | 1045 ||| INVOKING Spit Poison.
  1053 | D:2      | 1053 ||| INVOKING Spit Poison.
  1055 | D:2      | Reached skill level 5 in Ranged Weapons
  1055 | D:2      | Reached XP level 4. HP: 29/39 MP: 4/4
  1115 | D:2      | 1115 ||| INVOKING Spit Poison.
  1122 | D:2      | 1122 ||| INVOKING Spit Poison.
  1127 | D:2      | 1127 ||| INVOKING Spit Poison.
  1156 | D:2      | You fall into a shaft and drop 2 floors!
  1160 | D:4      | 1160 ||| READING 3 scrolls labelled AWKAHA KUAS.
  1161 | D:4      | 1161 ||| READING scroll labelled BOAN UKLUYDGH.
  1164 | D:4      | 1164 ||| INVOKING Spit Poison.
  1165 | D:4      | Noticed Sigmund
  1166 | D:4      | HP: 6/39 [gnoll/+0 flail (11)]
  1167 | D:4      | Slain by a gnoll

Levels and vault maps discovered:
D:1:      zelgadis_glass_arrival_small, layout_basic
D:2:      layout_rooms, kennysheep_generic_room_7
D:4:      layout_rooms, minmay_temple_entry_poolview, uniq_sigmund

Skill      XL: |  1  2  3 |
---------------+----------+-----
Ranged Weapons | 4 5 |  5.0
Fighting       | |  2.3
Dodging        | |  1.5
Stealth        | |  1.5

Action                     |  1- 3 |  4- 6 || total
---------------------------+-------+-------++-------
   Fire: Shortbow          |    33 |    14 ||    47
Ability: Spit Poison       |    16 |     4 ||    20
    Use: Scroll            |     1 |     2 ||     3
 Armour: Leather armour    |     4 |     5 ||     9
  Dodge: Dodged            |     6 |    11 ||    17

Table legend:
 A = Non-vault XP
 B = Vault XP
 C = Vault XP percentage of total XP
 D = Non-vault monster count
 E = Vault monster count
 F = Vault count percentage of total count
                 A         B        C        D         E       F
            +---------+---------+-------+---------+---------+-------
      Total |     104 |       0 |   0.0 |      25 |       0 |   0.0
            +---------+---------+-------+---------+---------+-------
        D:1 |      16 |       0 |   0.0 |       8 |       0 |   0.0
        D:2 |      88 |       0 |   0.0 |      17 |       0 |   0.0
            +---------+---------+-------+---------+---------+-------
